 Dungeon Crawl Stone Soup version 0.28-a0-1038-g9c4cb8273d (webtiles) character file.

Game seed: 2246417951041921308

183 GregHouse the Chopper (level 5, -7/47 HPs)
             Began as a Hill Orc Monk on Dec 8, 2021.
             Mangled by an iguana (8 damage)
             ... on level 4 of the Dungeon.
             The game lasted 00:09:28 (3060 turns).

GregHouse the Chopper (Hill Orc Monk)               Turns: 3060, Time: 00:09:28

Health: -7/47      AC: 13    Str: 14 (16) XL:     5   Next: 62%
Magic:  0/5        EV:  4    Int:  9 (10) God:
Gold:   112        SH:  0    Dex: 12 (13) Spells: 4/4 levels left

rFire   . . .      SeeInvis .   c - +1 war axe
rCold   . . .      Faith    .   (no shield)
rNeg    . . .      Spirit   +   a - +0 plate armour
rPois   .          Reflect  .   b - +0 helmet
rElec   .          Harm     .   (no cloak)
rCorr   .          Rampage  .   i - +0 pair of gloves
Will    .....                   (no boots)
Stlth   ..........              e - amulet of guardian spirit
HPRegen 0.15/turn               f - ring of flight
MPRegen 0.09/turn               (no ring)

@: brilliant, flying, invisible
A: no striking features
a: no special abilities


You were on level 4 of the Dungeon.
You visited 1 branch of the dungeon, and saw 5 of its levels.

You collected 112 gold pieces.

Inventory:

Hand Weapons
 c - a +1 war axe (weapon)
Armour
 a - a +0 plate armour (worn)
 b - a +0 helmet (worn)
 i - a +0 pair of gloves (worn)
 o - a +2 robe of fire resistance
Jewellery
 e - an amulet of guardian spirit (around neck)
 f - a ring of flight (left hand)
Potions
 d - 8 potions of curing


   Skills:
 + Level 4.7 Fighting
 + Level 6.1 Axes
 + Level 2.3 Armour
 + Level 2.6 Dodging
 + Level 2.0 Stealth


You had 4 spell levels left.
You didn't know any spells.
Your spell library contained the following spells:

 Spells                   Type           Power      Damage    Failure   Level
 Corpse Rot               Necr/Air       0%         N/A       100%        2
 Poisonous Vapours        Pois/Air       0%         N/A       100%        2
 Sublimation of Blood     Necr           0%         N/A       100%        2
 Petrify                  Tmut/Erth      0%         N/A       100%        4
 Irradiate                Conj/Tmut      0%         3d14      100%        5


Dungeon Overview and Level Annotations

Branches:
Dungeon (5/15)
 Temple: D:4-7

Altars:
Ashenzari
Wu Jian

Shops:
D:4 *


Message History

The iguana barely misses you.
You barely miss the iguana.
The iguana is moderately wounded.
The iguana bites you.
* * * LOW HITPOINT WARNING * * *
You closely miss the iguana.
The iguana is moderately wounded.
The iguana bites you but does no damage.
You hit the iguana but do no damage.
The iguana is moderately wounded.
The iguana completely misses you.
The iguana bites you but does no damage.
You barely miss the iguana.
The iguana is moderately wounded.
The iguana completely misses you.
You hit the iguana but do no damage.
The iguana is moderately wounded.
The iguana bites you.
* * * LOW HITPOINT WARNING * * *
You hit the iguana but do no damage.
The iguana is moderately wounded.
The iguana bites you but does no damage.
Your plate armour prevents you from hitting the iguana.
The iguana is moderately wounded.
The iguana bites you!
* * * LOW HITPOINT WARNING * * *
You aren't carrying any scrolls.
It was a potion of degeneration.
There was something very wrong with that liquid.
You feel weakened.
You feel dopey.
You feel clumsy. The iguana bites you.
* * * LOW HITPOINT WARNING * * *
You aren't carrying any scrolls.
It was a potion of brilliance.
You feel clever all of a sudden.
The iguana bites you but does no damage.
It was a potion of invisibility.
You fade into invisibility!
The iguana bites you!
You die...

# ## .## ############.. #.##
#............. ##.##
#.##@#.#####.. #..# #l#.# ##..#
#.##.#.# #.#.# #....#.# .##.#
#.####># ##+## ###.####
#.####)# ##...## # #....##
#.....[# ##.....## #.#.....#
#.#.######.......##
.......(#####....####...<.....#


You could see an iguana.

Vanquished Creatures
  A necrophage (D:4)
  Jessica (D:3)
  A hound skeleton (D:4)
  2 worms (D:2)
  A dart slug (D:2)
  4 ball pythons
  6 endoplasms
  5 giant cockroaches
  5 goblins
  2 hobgoblins
  2 quokkas
  3 bats (D:3)
  2 frilled lizards
  4 kobolds
  7 rats
46 creatures vanquished.

Notes
Turn   | Place    | Note
-------+----------+-------------------------------------------
     0 | D:1      | GregHouse the Hill Orc Monk began the quest for the Orb.
     0 | D:1      | Reached XP level 1. HP: 19/19 MP: 1/1
   365 | D:1      | Reached XP level 2. HP: 19/27 MP: 2/2
  1171 | D:2      | Found a broken altar of Ashenzari.
  1196 | D:2      | Reached XP level 3. HP: 33/33 MP: 3/3
  1811 | D:3      | Noticed Jessica
  1824 | D:3      | Killed Jessica
  1825 | D:3      | Reached skill level 5 in Axes
  1825 | D:3      | Reached skill level 1 in Armour
  1825 | D:3      | Reached XP level 4. HP: 40/41 MP: 4/4
  1986 | D:3      | Found an ornate altar of the Wu Jian Council.
  2201 | D:3      | Found a faded altar of an unknown god.
  2220 | D:4      | Noticed a necrophage
  2231 | D:4      | Killed a necrophage
  2232 | D:4      | Reached skill level 6 in Axes
  2232 | D:4      | Reached XP level 5. HP: 47/47 MP: 5/5
  2710 | D:4      | Found Ciuck's Assorted Antiques.
  2713 | D:5      | Entered Level 5 of the Dungeon
  3057 | D:4      | HP: 2/47 [iguana (6)]
  3060 | D:4      | Mangled by an iguana

Illustrated notes

Levels and vault maps discovered:
D:1:      scummos_arrival_gate, layout_rooms
D:2:      layout_loops_ring, basic_altar
D:3:      layout_loops_ring, nicolae_wu_jian_wuxing_cycle,
          shapermc_ecumenical_altar_venn, portal_sewer_entry_a, uniq_jessica
D:4:      layout_loops_corners, serial_shops, shop, shop, shop,
          nicolae_square_shop, shop
D:5:      layout_loops_ring, temple_statues, uniq_grinder, uniq_menkaure

Skill      XL: |  1  2  3  4 |
---------------+-------------+-----
Fighting       | 4 |  4.7
Axes           | 5 6 |  6.1
Armour         | 1 2 |  2.3
Stealth        | 2 |  2.0
Dodging        | |  2.6

Action                   |  1- 3 |  4- 6 || total
-------------------------+-------+-------++-------
Melee: War axe           |    98 |    70 ||   168
  Use: Scroll            |       |     4 ||     4
       Potion            |       |     3 ||     3
 Stab: Sleeping          |     3 |       ||     3
Armor: Robe              |     4 |       ||     4
       Chain mail        |    41 |    30 ||    71
       Plate armour      |       |    17 ||    17
Dodge: Dodged            |    33 |    24 ||    57

Table legend: (Time is in decaauts)
 A = Elapsed time spent in this place.
 B = Non-inter-level travel time spent in this place.
 C = Inter-level travel time spent in this place.
 D = Time resting spent in this place.
 E = Time spent auto-exploring this place.
 F = Levels seen in this place.
 G = Mean time per level.
                   A        B        C        D        E       F      G
               +--------+--------+--------+--------+--------+-----+--------+
         Total |   3110 |   3020 |     90 |    588 |   1413 |   5 |  622.0 |
       Dungeon |   3110 |   3020 |     90 |    588 |   1413 |   5 |  622.0 |
               +--------+--------+--------+--------+--------+-----+--------+

Top non-repeatable levels by time:
     D:2: 966 daAuts
     D:3: 837 daAuts
     D:1: 787 daAuts
     D:4: 514 daAuts
     D:5: 4 daAuts
